 Dungeon Crawl Stone Soup version 0.30-a0-626-gd6a5dd7a1f (webtiles) character file.

Game seed: 9243354189600161430

459 Newt the Slasher (level 6, -9/72 HPs)
             Began as a Demonspawn Gladiator on Jan 11, 2023.
             Mangled by Pikel
             ... wielding a +1 whip of electrocution
              (14 damage)
             ... on level 4 of the Dungeon.
             The game lasted 00:03:10 (3033 turns).

Newt the Slasher (Demonspawn Gladiator)             Turns: 3033, Time: 00:03:11

Health: -9/72      AC: 27    Str: 16    XL:     6   Next: 78%
Magic:  15/15      EV:  2    Int:  9    God:
Gold:   193        SH:  0    Dex: 15    Spells: 5/5 levels left

rFire   . . .      SeeInvis .    k - +1 scimitar (freeze)
rCold   . . .      Faith    .    (no shield)
rNeg    . . .      Spirit   .    (body armour currently unavailable)
rPois   +          Reflect  .    (helmet currently unavailable)
rElec   .          Harm     .    (cloak currently unavailable)
rCorr   .          Rampage  .    (gloves currently unavailable)
Will    .....      NoTele   +    (boots currently unavailable)
Stlth   ++                       (no amulet)
HPRegen 0.32/turn                l - ring of magical power
MPRegen 0.14/turn                q - +4 ring of protection

@: tree-form
A: stationary, stasis, torment immunity, boosted hp, foul stench 1, (weakness
stinger 1)
a: no special abilities


You were on level 4 of the Dungeon.
You were a tree.
You visited 1 branch of the dungeon, and saw 4 of its levels.

You collected 193 gold pieces.

Inventory:

Hand Weapons
 a - a +0 rapier
 k - a +1 scimitar of freezing (weapon)
Missiles
 i - 6 boomerangs (quivered)
 t - a javelin
Armour
 b - a +0 leather armour (melded)
 c - a +0 helmet (melded)
 f - a +0 pair of gloves (melded)
 n - a +0 pair of boots
 s - a +0 cloak (melded)
 z - a +1 pair of boots (melded)
Jewellery
 l - a ring of magical power (left branch)
 m - a ring of fire
 q - a +4 ring of protection (right branch)
 r - an amulet of faith
 u - a ring of poison resistance
 w - a ring of magical power
Wands
 e - a wand of quicksilver (8)
 y - a wand of roots (8)
Scrolls
 g - a scroll of amnesia
 p - a scroll of teleportation
 v - a scroll of noise
 x - a scroll of identify
Potions
 h - a potion of lignification
 j - a potion of invisibility
 o - a potion of degeneration {unknown}


   Skills:
 - Level 4.0 Fighting
 - Level 2.6(4.0) Short Blades
 - Level 4.5(5.0) Long Blades
 + Level 1.8 Throwing
 - Level 2.6 Dodging
 - Level 3.0 Stealth


You had 5 spell levels left.
You didn't know any spells.
Your spell library contained the following spells:

 Spells                   Type           Power      Damage    Failure   Level
 Ozocubu's Armour         Ice            0%         N/A       77%         3
 Ozocubu's Refrigeration  Ice            0%         4d7       100%        7


Dungeon Overview and Level Annotations

Branches:
Dungeon (4/15)             Temple (0/1) D:4

Altars:

Annotations:
D:4 Pikel


Innate Abilities, Weirdness & Mutations

You are a tree.
Your roots penetrate the ground, keeping you stationary.
You cannot be teleported.
You are immune to unholy pain and torment.
Your maximum health is greatly increased.
Your equipment is partially melded.
You may rarely emit foul miasma when damaged in melee.
((You have a small tail.))


Message History

The lemure struggles against the net.
Pikel zaps a wand.
The puff of flame hits you but does no damage.
Throw: throwing net
Press: ? - help, Q - select action, (/) - cycle Shift-Dir - straight line, f/p - Pikel
Aim: Pikel, wielding a +1 whip of electrocution, wearing a +0 robe and carrying a wand of flame (15) (moderately wounded, 53% to hit)
You throw a throwing net. The throwing net barely misses Pikel.
The throwing net misses the lemure.
The throwing net hits the lemure.
Pikel barely misses you.
The lemure struggles against the net.
Okay, then.
You barely miss Pikel.
Pikel is lightly wounded.
Pikel completely misses you.
The lemure struggles against the net.
You barely miss Pikel.
Pikel is lightly wounded.
Pikel zaps a wand.
The puff of flame hits you.
The lemure struggles against the net.
You closely miss Pikel.
Pikel is lightly wounded.
Pikel zaps a wand.
The puff of flame hits you!
* * * LOW HITPOINT WARNING * * *
The lemure struggles against the net.
Really quaff the potion of lignification?
You turn into a tree.
Your +0 cloak melds into your body.
Your +0 helmet melds into your body.
Your +0 pair of gloves melds into your body.
Your +1 pair of boots melds into your body.
Your +0 leather armour melds into your body.
Your roots penetrate the ground.
Pikel barely misses you.
The lemure struggles against the net.
The net rips apart, and the lemure comes free!
You slash Pikel! You freeze Pikel.
Pikel is heavily wounded.
Pikel hits you but does no damage.
You are electrocuted!
* * * LOW HITPOINT WARNING * * *
Pikel hits you but does no damage.
You closely miss Pikel.
Pikel is heavily wounded.
Pikel hits you but does no damage.
You are electrocuted!
You die...

*,*
#............#
*,*
########...###
*,* ##.## *,*
#.# *,** #.#
*,,* #.# **,*
#.# *,*
######.# *>*
#55K♣..# *,*
#.###### *,*
*,* *,* *,*
*,* *,* *,*
*,* *,* *,*
*,*******,*
*,,,,,,,*,*


You could see Pikel and 2 lemures.

Vanquished Creatures
  Sigmund (D:2)
  A lemure (D:4)
  A necrophage (D:4)
  A hound (D:4)
  An orc priest (D:4)
  Crazy Yiuf (D:2)
  Jessica (D:3)
  Ijyb (D:3)
  2 adders (D:3)
  2 worms (D:3)
  A dart slug (D:2)
  8 orcs
  5 ball pythons
  6 bats
  4 endoplasms
  2 giant cockroaches
  7 hobgoblins
  5 kobolds
  5 quokkas
  4 frilled lizards
  11 goblins
  A rat (D:2)
71 creatures vanquished.

Vanquished Creatures (others)
  3 fungi (D:2)
3 creatures vanquished.

Grand Total: 74 creatures vanquished

Notes
Turn   | Place    | Note
-------+----------+-------------------------------------------
     0 | D:1      | Newt the Demonspawn Gladiator began the quest for the Orb.
     0 | D:1      | Reached XP level 1. HP: 16/16 MP: 1/1
    79 | D:1      | Reached skill level 1 in Stealth
   160 | D:1      | Gained mutation: You may rarely emit foul miasma when
                  | damaged in melee. [demonic ancestry]
   160 | D:1      | Reached XP level 2. HP: 12/22 MP: 2/2
   956 | D:2      | Gained mutation: You have a small tail. [demonic ancestry]
   956 | D:2      | Reached XP level 3. HP: 27/27 MP: 3/3
  1122 | D:2      | Found a faded altar of an unknown god.
  1536 | D:2      | Noticed Sigmund
  1544 | D:2      | Killed Sigmund
  1545 | D:2      | Reached XP level 4. HP: 31/37 MP: 4/4
  1545 | D:2      | Reached XP level 5. HP: 36/42 MP: 5/5
  1637 | D:2      | Found a runed translucent door.
  1638 | D:2      | Noticed Crazy Yiuf
  1646 | D:2      | Killed Crazy Yiuf
  1859 | D:3      | Noticed Jessica
  1864 | D:3      | Killed Jessica
  1865 | D:3      | Reached XP level 6. HP: 48/48 MP: 6/6
  2571 | D:3      | Noticed Ijyb
  2587 | D:3      | Killed Ijyb
  3018 | D:4      | Noticed Pikel
  3033 | D:4      | Mangled by Pikel

Illustrated notes

Levels and vault maps discovered:
D:1:      heliophobic_arrival_battle_scene, layout_loops_ring
D:2:      layout_basic, basic_ecumenical_altar, dreamdust_mushroom_princess,
          hangedman_decor_growths, uniq_crazy_yiuf_cottage, uniq_sigmund
D:3:      layout_basic, nicolae_elevator_lobby_asterisk, uniq_jessica, uniq_ijyb
D:4:      layout_loops_ring, minmay_temple_entry_glassed_door,
          gammafunk_ghost_grave, uniq_pikel

Skill      XL: |  1  2  3  4  5  6 |
---------------+-------------------+-----
Stealth        | 1 2 3 |  3.0
Fighting       | 4 |  4.0
Long Blades    | 2 3 4 |  4.5
Short Blades   | |  2.6
Throwing       | |  1.8
Dodging        | |  2.6

Action                   |  1- 3 |  4- 6 || total
-------------------------+-------+-------++-------
Melee: Rapier            |    88 |       ||    88
       Punch             |     1 |     1 ||     2
       Scimitar          |    29 |   102 ||   131
       Tailslap          |     1 |    10 ||    11
Throw: Throwing net      |     1 |     3 ||     4
       Javelin           |       |     1 ||     1
  Use: Scroll            |       |     7 ||     7
       Potion            |       |     1 ||     1
 Stab: Sleeping          |     3 |     8 ||    11
       Distracted        |     1 |       ||     1
       Held in net/web   |     1 |       ||     1
Armor: Leather armour    |    48 |    49 ||    97
       Skin              |       |     3 ||     3
Dodge: Dodged            |   110 |    81 ||   191

Table legend: (Time is in decaauts)
 A = Elapsed time spent in this place.
 B = Non-inter-level travel time spent in this place.
 C = Inter-level travel time spent in this place.
 D = Time resting spent in this place.
 E = Time spent auto-exploring this place.
 F = Levels seen in this place.
 G = Mean time per level.
                   A        B        C        D        E       F      G
               +--------+--------+--------+--------+--------+-----+--------+
         Total |   3066 |   2997 |     69 |    406 |   2003 |   4 |  766.5 |
       Dungeon |   3066 |   2997 |     69 |    406 |   2003 |   4 |  766.5 |
               +--------+--------+--------+--------+--------+-----+--------+

Top non-repeatable levels by time:
     D:3: 1121 daAuts
     D:1: 948 daAuts
     D:2: 753 daAuts
     D:4: 243 daAuts
